 Seeded DCSS version 0.29.1-15-g9cfb28693d (webtiles) character file.

Game seed: 5852750519012672489 (custom seed)

1635 Twinkles the Conjurer (level 8, -2/42 HPs)
             Began as a Vine Stalker Conjurer on June 4, 2023.
             Was a High Priest of Elyvilon.
             Slain by a killer bee (5 damage)
             ... on level 6 of the Dungeon on June 6, 2023.
             The game lasted 00:21:21 (7105 turns).

Twinkles the Conjurer (Vine Stalker Conjurer)       Turns: 7105, Time: 00:21:22

Health: -2/42      AC:  6    Str:  9    XL:     8   Next: 98%
Magic:  0/17       EV: 12    Int: 24    God:    Elyvilon [*****.]
Gold:   289        SH:  0    Dex: 19    Spells: 12/18 levels left

rFire   + . .      SeeInvis .   b - +9 halberd of Pionon {venom, rF+ Int+4 Dex+5}
rCold   . . .      Faith    .   (shield currently unavailable)
rNeg    . . .      Spirit   +   B - +0 steam dragon scales
rPois   .          Reflect  .   C - +0 helmet
rElec   .          Harm     .   q - scarf {repulsion}
rCorr   .          Rampage  .   (no gloves)
Will    +....                   (no boots)
Stlth   +++.......              (no amulet)
HPRegen 0.94/turn               (no ring)
MPRegen 0.15/turn               (no ring)

@: lethally poisoned (-2 -> -6), studying Polearms, repel missiles
A: fangs 3, regeneration 1, magic shield, antimagic bite, no potion heal 2
a: Renounce Religion, Purification, Heal Other, Heal Self, Divine Vigour


You were on level 6 of the Dungeon.
You worshipped Elyvilon.
Elyvilon was extremely pleased with you.
You visited 1 branch of the dungeon, and saw 8 of its levels.
You also visited: Sewer.

You collected 289 gold pieces.

Inventory:

Hand Weapons
 a - a +0 dagger of speed
 b - the +9 halberd of Pionon (weapon) {venom, rF+ Int+4 Dex+5}
   (You found it on level 6 of the Dungeon)

   It poisons the flesh of those it strikes.
   Int:       It affects your intelligence (+4).
   Dex:       It affects your dexterity (+5).
   rF:        It protects you from fire.
Missiles
 u - 6 poisoned darts
Armour
 c - a +0 leather armour
 f - a +0 robe
 q - a scarf of repulsion (worn)
 B - +0 steam dragon scales (worn)
 C - a +0 helmet (worn)
Wands
 d - a wand of flame (37)
 r - a wand of roots (13)
 A - a wand of polymorph (6)
Scrolls
 e - a scroll of magic mapping {unknown}
 g - 3 scrolls of poison {unknown}
 h - 3 scrolls of identify {unknown}
 i - a scroll of vulnerability {unknown}
 j - 3 scrolls of noise {unknown}
 l - 2 scrolls of fog {unknown}
 s - 3 scrolls of silence {unknown}
 w - a scroll of enchant weapon {unknown}
 x - a scroll of torment {unknown}
 z - a scroll of immolation {unknown}
Potions
 k - 2 potions of brilliance {unknown}
 m - 10 potions of curing
 n - a potion of cancellation {unknown}
 o - 3 potions of might {unknown}
 p - 4 potions of heal wounds {unknown}
 t - a potion of berserk rage
 v - a potion of resistance {unknown}
 y - 4 potions of magic


   Skills:
 + Level 4.4 Fighting
 - Level 2.1 Dodging
 - Level 3.4 Stealth
 + Level 5.9 Spellcasting
 + Level 6.8 Conjurations
 + Level 4.9 Hexes


You had 12 spell levels left.
You knew the following spells:

 Your Spells              Type           Power      Damage    Failure   Level
a - Magic Dart            Conj           100%       1d8       1%          1
b - Searing Ray           Conj           80%        2d7       1%          2
c - Dazzling Flash        Conj/Hex       70%        N/A       2%          3

Your spell library contained the following spells:

 Spells                   Type           Power      Damage    Failure   Level
 Fulminant Prism          Conj/Hex       17%        3d11      7%          4
 Apportation              Tloc           14%        N/A       9%          1
 Necrotise                Necr           28%        1d5       9%          1
 Summon Small Mammal      Summ           28%        N/A       9%          1
 Iskenderun's Mystic Bla  Conj/Tloc      23%        2d6       21%         4


Dungeon Overview and Level Annotations

Branches:
Dungeon (8/15)              Sewer (visited)
 Temple: D:4-7         Lair: D:8-11

Altars:
Elyvilon

Shops:
D:6 (

Annotations:
D:3 Ijyb
D:4 1 exclusion
D:6 Grinder


Innate Abilities, Weirdness & Mutations

You have razor-sharp teeth.
Your natural rate of healing is unusually fast.
When hurt, damage is shared between your health and your magic reserves.
Your bite disrupts and absorbs the magic of your enemies.
Potions cannot restore your health.


Message History

You are more poisoned.
The killer bee poisons you! The killer bee stings you. x4
You miss the killer bee.
The killer bee is severely wounded.
You feel very sick. The killer bee barely misses you.
The killer bee stings you!
* * * LOW HITPOINT WARNING * * *
The killer bee stings you.
* * * LOW HITPOINT WARNING * * *
The killer bee stings you but does no damage.
The killer bee misses you.
The killer bee stings you but does no damage.
It was a potion of curing.
Your system rejects the healing.
You feel better. The killer bee stings you!
* * * LOW HITPOINT WARNING * * *
The killer bee closely misses you. The killer bee stings you.
* * * LOW HITPOINT WARNING * * *
You are lethally poisoned!
The killer bee poisons you! The killer bee barely misses you.
You aren't carrying any pieces of jewellery.
Okay, then.
Unknown command.
Okay, then.
Unknown command.
You puncture the killer bee!
You kill the killer bee!
Elyvilon protects you from harm! The killer bee stings you.
Elyvilon protects you from harm!
The killer bee stings you but does no damage.
The killer bee stings you.
* * * LOW HITPOINT WARNING * * *
You are more poisoned.
The killer bee poisons you!
You hit the killer bee.
The killer bee is poisoned.
Your bite misses the killer bee.
The killer bee is heavily wounded.
Elyvilon protects you from harm! The killer bee barely misses you.
The killer bee stings you.
You die...

##.## #.#..........:..# #..##
#.#.# #......#.####
##..####.#.##.#.#.........#
######....#......#.#.....########
##..........#.####...............
##..........#.###......#.∩.#..###
##............##................#
##..........#.#y.†.......#....#.#
##..............@....#.....#..#.#
############...)†.#######..#....#
# #..#...#######........
####...........##..#.....
#.....##.................
####..##.##.#########.#..
#..##.##.# #.... #..##.##.######
#.... #.............# ###..


You could see a killer bee (very poisoned).

Vanquished Creatures
  A shadow (D:6)
  A steam dragon (D:6)
  A black bear (D:5)
  Pargi (Sewer)
  2 ogres (D:5)
  A phantom (D:6)
  A bullfrog (D:7)
  A necrophage (D:6)
  3 killer bees
  2 orc priests (D:6)
  A gnoll bouda (D:5)
  4 hounds
  Terence (D:3)
  2 orc wizards (D:6)
  An iguana (D:6)
  Natasha (thrice) (D:3)
  Robin (D:3)
  7 gnolls
  8 adders
  A river rat (D:4)
  A shadow imp (D:5)
  An ufetubus (D:6)
  4 worms
  2 dart slugs
  17 orcs
  5 ball pythons
  10 bats
  10 endoplasms
  3 giant cockroaches
  13 goblins
  5 hobgoblins
  4 kobolds
  2 quokkas
  3 frilled lizards
  7 rats
  A rat zombie (D:3)
131 creatures vanquished.

Vanquished Creatures (others)
  2 plants (D:7)
2 creatures vanquished.

Grand Total: 133 creatures vanquished

Notes
Turn   | Place    | Note
-------+----------+-------------------------------------------
     0 | D:1      | Twinkles the Vine Stalker Conjurer began the quest for the
                  | Orb.
     0 | D:1      | Reached XP level 1. HP: 9/9 MP: 4/4
   409 | D:1      | Reached XP level 2. HP: 13/13 MP: 0/6
   562 | D:1      | Learned a level 2 spell: Searing Ray
  1444 | D:2      | Reached XP level 3. HP: 16/16 MP: 3/7
  1936 | D:2      | Found a faded altar of an unknown god.
  1944 | D:2      | Prayed at the altar of an unknown god.
  1944 | D:2      | Became a worshipper of Elyvilon the Healer
  1944 | D:2      | Reached * piety under Elyvilon
  2225 | D:2      | Gained mutation: Your natural rate of healing is unusually
                  | fast. [Vine Stalker growth]
  2225 | D:2      | Reached XP level 4. HP: 21/21 MP: 6/9
  2545 | D:3      | Noticed Terence
  2626 | D:3      | Reached ** piety under Elyvilon
  2679 | D:3      | Noticed Natasha
  2685 | D:3      | Killed Natasha
  2862 | D:3      | Reached skill level 1 in Hexes
  2862 | D:3      | Reached XP level 5. HP: 8/25 MP: 0/10
  2960 | D:3      | Killed Terence
  2961 | D:3      | Reached skill level 1 in Fighting
  3109 | D:3      | Noticed Natasha
  3117 | D:3      | Killed Natasha
  3274 | D:3      | Noticed Robin
  3279 | D:3      | Killed Robin
  3320 | D:3      | Noticed Ijyb
  3765 | D:3      | Reached *** piety under Elyvilon
  3877 | D:3      | Noticed Natasha
  3885 | D:3      | Killed Natasha
  3886 | D:3      | Reached skill level 5 in Conjurations
  3886 | D:3      | Reached XP level 6. HP: 8/30 MP: 0/12
  4232 | D:4      | Found a glowing drain.
  4261 | Sewer    | Entered a sewer
  4324 | Sewer    | Learned a level 3 spell: Dazzling Flash
  4383 | Sewer    | Noticed Pargi
  4397 | Sewer    | Killed Pargi
  4934 | D:4      | Reached XP level 7. HP: 35/35 MP: 7/14
  5130 | D:5      | Entered Level 5 of the Dungeon
  5275 | D:5      | Reached **** piety under Elyvilon
  5422 | D:5      | You fall into a shaft and drop 3 floors!
  5449 | D:6      | Found Ziny's Antique Weapon Shop.
  5462 | D:6      | Noticed Grinder
  5565 | D:6      | Identified the +9 halberd of Pionon {venom, rF+ Int+4
                  | Dex+5}
  6176 | D:6      | Reached skill level 6 in Conjurations
  6176 | D:6      | Gained mutation: You have razor-sharp teeth. [Vine Stalker
                  | growth]
  6176 | D:6      | Reached XP level 8. HP: 40/40 MP: 10/16
  6303 | D:6      | Reached skill level 5 in Spellcasting
  6612 | D:6      | Noticed a shadow
  6629 | D:6      | Killed a shadow
  6768 | D:6      | Reached ***** piety under Elyvilon
  7103 | D:6      | HP: 1/42 [killer bee (2)]
  7104 | D:6      | Elyvilon protects you from harm!
  7104 | D:6      | Elyvilon protects you from harm!
  7105 | D:6      | Elyvilon protects you from harm!
  7105 | D:6      | Slain by a killer bee

Illustrated notes

Levels and vault maps discovered:
D:1:      dpeg_arrival_rooms_a, layout_basic, serial_forest,
          infiniplex_forest_end_double, infiniplex_forest_end_2,
          infiniplex_forest_lined_2, infiniplex_forest_straight_4,
          infiniplex_forest_lined_room_2, infiniplex_forest_clump_small,
          infiniplex_forest_straight_5, infiniplex_forest_straight_5
D:2:      layout_loops_ring, chequers_ecumenical_altar_island,
          kennysheep_generic_room_6
D:3:      layout_basic, lemuel_zombie_altar_kikubaaqudgha, uniq_robin,
          uniq_terence, uniq_natasha, uniq_ijyb
D:4:      layout_cave_pools, gup_sewer_entry_spiral
D:5:      layout_gridville
D:6:      layout_basic, serial_shops, nicolae_shop_stone,
          minmay_manual_mandibuliform, uniq_grinder
D:7:      nzn_winding_woodlands_stair_cross
          [nzn_winding_woodlands_5x15_lazy_stream,
          nzn_winding_woodlands_center_diamonds,
          nzn_winding_woodlands_5x15_river_crossing,
          nzn_winding_woodlands_5x5_open_star,
          nzn_winding_woodlands_5x5_default,
          nzn_winding_woodlands_5x15_longhouse,
          nzn_winding_woodlands_center_triple_pond,
          nzn_winding_woodlands_5x15_zeroes], layout_basic, temple_statues,
          minivault_11, uniq_crazy_yiuf_cottage, uniq_maggie
D:8:      minmay_gate_of_8, layout_basic, nicolae_grassy_gnolls

Skill      XL: |  1  2  3  4  5  6  7  8 |
---------------+-------------------------+-----
Stealth        | 3 |  3.4
Dodging        | 2 |  2.1
Spellcasting   | 3 4 5 |  5.9
Hexes          | 1 2 3 4 |  4.9
Fighting       | 1 2 3 4 |  4.4
Conjurations   | 5 6 |  6.8

Action                   |  1- 3 |  4- 6 |  7- 9 || total
-------------------------+-------+-------+-------++-------
Melee: Spear             |     5 |       |       ||     5
       Dagger            |     2 |    40 |       ||    42
       Bite              |     2 |    15 |     6 ||    23
       Halberd           |       |       |    23 ||    23
 Cast: Magic Dart        |    73 |    74 |    49 ||   196
       Searing Ray       |     2 |    17 |    15 ||    34
Evoke: Wand              |       |     1 |       ||     1
  Use: Potion            |       |     1 |     1 ||     2
 Stab: Sleeping          |       |     3 |       ||     3
Armor: Leather armour    |     8 |    16 |     8 ||    32
       Steam dragon scal |       |       |     8 ||     8
Dodge: Dodged            |    11 |    42 |    55 ||   108
       Repelled          |       |     2 |       ||     2
